 Dungeon Crawl Stone Soup version 0.28.0-45-g0d030f2227 (webtiles) character file.

Game seed: 5581297290581827676

44 Antichthon the Grasshopper (level 3, -2/33 HPs)
             Began as a Naga Warper on Apr 8, 2022.
             Was a Follower of Uskayaw.
             Slain by Terence
             ... wielding a +0 short sword
              (6 damage)
             ... on level 2 of the Dungeon.
             The game lasted 00:07:03 (2434 turns).

Antichthon the Grasshopper (Naga Warper)            Turns: 2434, Time: 00:07:04

Health: -2/33      AC:  6    Str: 13    XL:     3   Next: 62%
Magic:  6/6        EV:  7    Int: 13    God:    Uskayaw [*.....]
Gold:   60         SH:  0    Dex: 12    Spells: 6/6 levels left

rFire   . . .      SeeInvis +   a - +0 hand axe
rCold   . . .      Faith    .   (no shield)
rNeg    . . .      Spirit   .   b - +2 scale mail {rPois}
rPois   +          Reflect  .   (no helmet)
rElec   .          Harm     .   (no cloak)
rCorr   .          Rampage  .   (no gloves)
Will    .....                   (no barding)
Stlth   +.........              (no amulet)
HPRegen 0.11/turn               (no ring)
MPRegen 0.10/turn               (no ring)

@: very slow
A: AC +1, large, see invisible, deformed body, poison resistance, slowness 2,
spit poison 1, naga tail 1
a: Spit Poison, Renounce Religion, Stomp


You were on level 2 of the Dungeon.
You worshipped Uskayaw.
Uskayaw was noncommittal.
You visited 1 branch of the dungeon, and saw 2 of its levels.

You collected 60 gold pieces.

Inventory:

Hand Weapons
 a - a +0 hand axe (weapon)
Missiles
 d - 2 boomerangs of dispersal (quivered)
Armour
 b - a +2 scale mail of poison resistance (worn)
Scrolls
 c - a scroll of blinking
Potions
 e - a potion of ambrosia
 f - a potion of cancellation {unknown}
 g - a potion of attraction {unknown}
 h - 2 potions of degeneration {unknown}


   Skills:
 + Level 2.3 Fighting
 + Level 2.3 Axes
 - Level 0.8 Throwing
 + Level 1.1 Armour
 + Level 1.7 Dodging
 * Level 2.3 Stealth
 + Level 2.2 Spellcasting
 + Level 3.2 Translocations


You had 6 spell levels left.
You didn't know any spells.
Your spell library contained the following spells:

 Spells                   Type           Power      Damage    Failure   Level
 Blink                    Tloc           18%        N/A       43%         2
 Gell's Gravitas          Tloc           9%         N/A       67%         3
 Lesser Beckoning         Tloc           9%         N/A       67%         3
 Teleport Other           Tloc           9%         N/A       67%         3
 Manifold Assault         Tloc           9%         N/A       100%        5


Dungeon Overview and Level Annotations

Branches:
Dungeon (2/15)

Altars:
Dithmenos
Uskayaw

Annotations:
D:2 Terence


Innate Abilities, Weirdness & Mutations

Your serpentine skin is tough. (AC +1)
You have supernaturally acute eyesight. (SInv)
Armour fits poorly on your strangely shaped body.
Your system is resistant to poisons. (rPois)
You cover ground very slowly.
You can spit poison.
You have a snake-like lower body.


Message History

The splash of poison hits Terence but does no damage.
Terence is poisoned.
Terence is heavily wounded.
You hit Terence but do no damage.
Terence is heavily wounded.
Terence hits you with a +0 short sword.
* * * LOW HITPOINT WARNING * * *
It was a potion of ambrosia.
You are confused.
You feel invigorated. Terence hits you but does no damage.
You closely miss Terence.
Terence is heavily wounded.
Terence hits you with a +0 short sword.
* * * LOW HITPOINT WARNING * * *
Terence hits you with a +0 short sword.
* * * LOW HITPOINT WARNING * * *
You bump into the rock wall.
You feel less invigorated.
You feel less confused.
You have got your breath back.
Terence hits you with a +0 short sword.
* * * LOW HITPOINT WARNING * * *
You hit Terence.
Terence is severely wounded.
Terence hits you with a +0 short sword.
* * * LOW HITPOINT WARNING * * *
You completely miss Terence.
Terence is severely wounded.
Terence closely misses you.
You hit Terence.
Terence is severely wounded.
Terence looks more healthy.
Terence hits you but does no damage.
You hit Terence.
Terence is severely wounded.
Terence hits you with a +0 short sword.
* * * LOW HITPOINT WARNING * * *
You hit Terence.
Terence is almost dead.
Terence says, "Don't bother to defend, it's pointless."
Terence hits you with a +0 short sword.
You die...

.######.##.#
#.....## #.##
##.....## #....##
#..## #.###.## .
#....# #...##
.###.## .. #....#
#.#..### ....## ...
#....# #.##.<.##
#####. ... #....#
#.####..# ......
#..#....#####.# ##.#
#####.
#..####......#
###.## . #..@@..# ##
#..... .# #####..#
#..... #.# ##..#
#..... ##..
######....# #.....
.#### ........###
#..... .... ##@#
#..... ###. #.#
#..... ..# #.#
#####..... #...
#.###.#####.........


You could see Terence.

Vanquished Creatures
  3 dart slugs (D:1)
  4 endoplasms
  A giant cockroach (D:1)
  A goblin (D:1)
  2 hobgoblins
  7 jackals
  4 kobolds (D:1)
  2 quokkas (D:1)
  3 ball pythons
  4 bats (D:1)
  2 frilled lizards (D:1)
  A rat (D:1)
34 creatures vanquished.

Vanquished Creatures (others)
  3 plants (D:1)
3 creatures vanquished.

Grand Total: 37 creatures vanquished

Notes
Turn   | Place    | Note
-------+----------+-------------------------------------------
     0 | D:1      | Antichthon the Naga Warper began the quest for the Orb.
     0 | D:1      | Reached XP level 1. HP: 19/19 MP: 3/3
   317 | D:1      | Reached XP level 2. HP: 16/26 MP: 5/5
   452 | D:1      | Reached skill level 1 in Stealth
  1109 | D:1      | Reached XP level 3. HP: 16/32 MP: 6/6
  1564 | D:1      | Reached skill level 1 in Armour
  1948 | D:1      | Found a faded altar of an unknown god.
  1958 | D:1      | Prayed at the altar of an unknown god.
  1958 | D:1      | Became a worshipper of Uskayaw the Reveller
  1958 | D:1      | Reached * piety under Uskayaw
  2199 | D:2      | Found a shadowy altar of Dithmenos.
  2386 | D:2      | Noticed Terence
  2434 | D:2      | Slain by Terence

Illustrated notes

Levels and vault maps discovered:
D:1:      lightli_arrival_boilingwater, layout_loops_ring,
          shapermc_ecumenical_altar_hornbeckon, bh_walls_and_bars
D:2:      layout_rooms, basic_altar, minmay_parallelograms,
          uniq_crazy_yiuf_cottage, uniq_terence

Skill      XL: |  1  2  3 |
---------------+----------+-----
Stealth        | 1 2 |  2.3
Armour         | 1 |  1.1
Fighting       | |  2.3
Axes           | |  2.3
Throwing       | |  0.8
Dodging        | |  1.7
Spellcasting   | |  2.2
Translocations | |  3.2

Action                   || total
-------------------------++-------
Melee: Hand axe          ||   120
       Punch             ||     3
Throw: Boomerang         ||     3
Invok: Stomp             ||     2
 Abil: Spit Poison       ||     9
  Use: Scroll            ||     4
       Potion            ||     1
 Stab: Sleeping          ||     1
Armor: Leather armour    ||    17
       Scale mail        ||    40
Dodge: Dodged            ||    74
